 Dungeon Crawl Stone Soup version 0.26-a0-40-gfe7b5d5a6f (webtiles) character file.

Game seed: 2787758771808712270, levelgen mode: deterministic

95097 Aksej the Warrior (level 15, -2/136 HPs)
             Began as a Minotaur Gladiator on May 31, 2020.
             Was the Champion of Wu Jian.
             Slain by a redback (8 damage)
             ... on level 2 of the Spider Nest.
             The game lasted 01:13:52 (24373 turns).

Aksej the Warrior (Minotaur Gladiator)             Turns: 24373, Time: 01:13:52

Health: -2/136     AC:  4    Str: 25    XL:     15   Next: 65%
Magic:  0/12       EV: 24    Int:  5    God:    Wu Jian [******]
Gold:   1805       SH:  0    Dex: 25    Spells: 14/14 levels left

rFire    . . .     SeeInvis .   a - +1 eveningstar "Sosaeb" {speed, Str+4}
rCold    + . .     Gourm    .   z - +1 tower shield
rNeg     . . .     Faith    .   M - +1 ring mail of Analysis {-Cast rPois rCorr Dex+8} (curse)
rPois    +         Spirit   +   c - +0 hat
rElec    .         Reflect  .   x - +2 cloak
rCorr    +         Harm     .   T - +2 pair of gloves of Shrieking Happiness {Str+3}
MR       +....     Clarity  +   I - +2 pair of boots {Stlth+} Stlth ++........NoCast +
                                l - amulet of guardian spirit
HPRegen  0.32/turn              Z - +4 ring of evasion
MPRegen  0.13/turn              U - ring of protection from cold

@: confused, corroded, very slightly contaminated
A: retaliatory headbutt, horns 2, repulsion field 1, iridescent scales 1,
clarity, frail 1, low mp 1, screaming 1, weak 1, wild magic 2
a: Wall Jump, Serpent's Lash, Heavenly Storm, Renounce Religion


You were on level 2 of the Spider Nest.
You worshipped Wu Jian.
Wu Jian was exalted by your worship.
You were hungry.

You visited 4 branches of the dungeon, and saw 24 of its levels.
You also visited: Ossuary and Volcano.

You collected 2225 gold pieces.
You spent 420 gold pieces at shops.

Inventory:

Hand Weapons
 a - the +1 eveningstar "Sosaeb" (weapon) {speed, Str+4}
   (You acquired it on level 7 of the Dungeon)

   Attacks with this weapon are significantly faster.
   It affects your strength (+4).
Missiles
 d - 5 throwing nets
 F - 5 silver javelins
 G - 4 boomerangs (quivered)
Armour
 c - a +0 hat (worn)
 u - the +2 leather armour of Disguise {rF- MR+ Regen+ Dex+8}
   (You found it on level 5 of the Lair of Beasts)

   It affects your dexterity (+8).
   It makes you vulnerable to fire.
   It affects your resistance to hostile enchantments.
   It increases your rate of regeneration.
 x - a +2 cloak (worn)
 z - a +1 tower shield (worn)
 I - a +2 pair of boots of stealth (worn)
 M - the cursed +1 ring mail of Analysis (worn) {-Cast rPois rCorr Dex+8}
   (You found it on level 13 of the Dungeon)

   It affects your dexterity (+8).
   It protects you from poison.
   It prevents spellcasting.
   It provides partial protection from all sources of acid and corrosion.
   It has a curse placed upon it.
 T - the +2 pair of gloves of Shrieking Happiness (worn) {Str+3}
   (You found it on level 3 of the Lair of Beasts)

   It affects your strength (+3).
Jewellery
 j - an uncursed ring of positive energy
 l - an amulet of guardian spirit (around neck)
 C - an uncursed amulet of regeneration
 U - a ring of protection from cold (right hand)
 W - an uncursed ring of protection from magic
 Z - a +4 ring of evasion (left hand)
Wands
 m - a wand of disintegration (32)
 v - a wand of random effects (20)
 y - a wand of paralysis (35)
 A - a wand of polymorph (8)
 J - a wand of iceblast (17)
 N - a wand of acid (27)
 O - a wand of enslavement (18)
 S - a wand of flame (61)
 Y - a wand of digging (9)
Scrolls
 e - 15 scrolls of teleportation
 g - 9 scrolls of remove curse
 o - a scroll of fog
 r - 2 scrolls of blinking
 B - a scroll of summoning
 L - 3 scrolls of fear
 Q - 3 scrolls of identify
 V - a scroll of enchant weapon
 X - 2 scrolls of amnesia
Potions
 b - 7 potions of lignification
 h - 5 potions of resistance
 i - 11 potions of curing
 n - 2 potions of brilliance
 p - 3 potions of invisibility
 q - 3 potions of berserk rage
 s - 6 potions of stabbing
 t - 3 potions of cancellation
 D - 2 potions of haste
 E - 3 potions of flight
 H - 2 potions of magic
Comestibles
 f - 38 rations
 k - 3 chunks of flesh


   Skills:
 * Level 19.1 Fighting
 + Level 17.4 Maces & Flails
 + Level 3.5 Throwing
 + Level 10.3 Armour
 + Level 9.6 Dodging
 + Level 5.6 Stealth
 + Level 12.0 Shields


You had 14 spell levels left.
You didn't know any spells.
Your spell library contained the following spells:

 Spells                   Type           Power        Failure   Level  Hunger
 Corona                   Hex            #......      99%         1    ##.....
 Magic Dart               Conj           #...         99%         1    ##.....
 Summon Small Mammal      Summ           #...         99%         1    ##.....
 Blink                    Tloc           N/A          100%        2    ###....
 Call Imp                 Summ           #.......     100%        2    ###....
 Ensorcelled Hibernation  Hex/Ice        #.....       100%        2    ###....
 Slow                     Hex            #.......     100%        2    ###....
 Call Canine Familiar     Summ           #.......     100%        3    ####...
 Confusing Touch          Hex            #.......     100%        3    ####...
 Conjure Flame            Conj/Fire      #.......     100%        3    ####...
 Dazzling Flash           Conj/Hex       #.....       100%        3    ####...
 Inner Flame              Hex/Fire       #.......     100%        3    ####...
 Mephitic Cloud           Conj/Pois/Air  #.......     100%        3    ####...
 Portal Projectile        Hex/Tloc       #.....       100%        3    ####...
 Static Discharge         Conj/Air       #.......     100%        3    ####...
 Summon Guardian Golem    Hex/Summ       #.......     100%        3    ####...
 Tukima's Dance           Hex            #.......     100%        3    ####...
 Cause Fear               Hex            #.........   100%        4    #####..
 Leda's Liquefaction      Hex/Erth       #.........   100%        4    #####..
 Summon Ice Beast         Ice/Summ       #.......     100%        4    #####..
 Summon Lightning Spire   Summ/Air       #.......     100%        4    #####..
 Lightning Bolt           Conj/Air       #.........   100%        5    ######.
 Silence                  Hex/Air        #.........   100%        5    ######.
 Conjure Ball Lightning   Conj/Air       #.........   100%        6    #######
 Ignition                 Fire           #.........   100%        8    #######
 Shatter                  Erth           #.........   100%        9    #######
 Tornado                  Air            #.........   100%        9    #######


Dungeon Overview and Level Annotations

Branches:
Dungeon (15/15)            Temple (1/1) D:6            Lair (6/6) D:11
  Swamp (0/4) Lair:3       Spider (2/4) Lair:3        Slime (0/5) Lair:5
    Orc (0/2) D:9          Vaults (0/5) D:14         Depths (0/5) D:15
Ossuary (visited)         Volcano (visited)

Altars:
Ashenzari
Elyvilon
Gozag
Kikubaaqudgha
Makhleb
Nemelex Xobeh
Okawaru
Ru
Trog
Uskayaw
Wu Jian
Xom
Yredelemnul
Zin
The Shining One

Shops:
D:6 :   D:14 (}*?


Innate Abilities, Weirdness & Mutations

You reflexively headbutt those who attack you in melee.
You have a pair of horns on your head.
You are surrounded by a mild repulsion field. (EV +2)
You are partially covered in iridescent scales. (AC +2)
You possess an exceptional clarity of mind.
You are frail. (-10% HP)
Your magical capacity is low. (-10% MP)
You occasionally shout uncontrollably at your foes.
You are weak. (Str -2)
Your spells are harder to cast, but more powerful.


Message History

The wolf spider barely misses you. The wolf spider closely misses you.
You closely miss the wolf spider.
The wolf spider is severely wounded.
The redback completely misses you. The wolf spider hits you!
* * * LOW HITPOINT WARNING * * *
The wolf spider bites you!
* * * LOW HITPOINT WARNING * * *
You impale the wolf spider!!
You headbutt the wolf spider, but do no damage.
The wolf spider is almost dead.
The redback barely misses you.
You bump into the rock wall.
The wolf spider hits you!
* * * LOW HITPOINT WARNING * * *
The wolf spider bites you.
* * * LOW HITPOINT WARNING * * *
The redback bites you.
* * * LOW HITPOINT WARNING * * *
The wolf spider completely misses you. The wolf spider closely misses you.
The redback bites you!
You die...

#..##^.#########
#..###††.^....^.
#...#§a†#######.
#^..#a††.......
##..#s###...###
#.s......#^#...
##..#.###.### ##
##sa.#....#
#@#.##...^#
#.^#s..#.###.#
#..###........#
##. #.#...###...
# #.#.^....
....#..##..
#..##..... ..##
..#### #!# ^.#


You could see an entropy weaver, a demonic crawler (wandering), a wolf spider,
an orb spider (charged) and a redback.

Vanquished Creatures
  Gastronok (Lair:2)
  A fire giant (D:14)
  An emperor scorpion (Spider:1)
  An entropy weaver (Spider:1)
  The ghost of Jayditzi the Peltast, a journeyman GrFi of Qazlal (Lair:4)
  3 dire elephants
  Azrael (D:14)
  A red draconian (Volcano)
  2 fire dragons (D:15)
  Snorg (Lair:5)
  An ogre mage (Volcano)
  2 hydras
  2 catoblepae
  An anaconda (Lair:6)
  10 two-headed ogres
  Harold (D:11)
  The ghost of ijan1 the Cleaver, a novice MiFi of Makhleb (D:8)
  5 centaur warriors
  2 dancing weapons (D:14)
  2 deep troll earth magi (D:14)
  Urug (D:10)
  Nergalle (Lair:2)
  5 skeletal warriors (D:15)
  2 unseen horrors
  A lindwurm (Lair:5)
  3 oklob plants (Lair:5)
  4 wolf spiders
  2 deep elf magi
  A manticore (D:15)
  2 cyclopes
  6 orb spiders
  3 ugly things (D:8)
  18 elephants
  2 black mambas
  A torpor snail (Lair:5)
  Maggie (D:8)
  2 gargoyles
  9 komodo dragons
  11 spiny frogs
  A rime drake (Lair:5)
  A merfolk (shapeshifter) (D:15)
  4 trolls
  A polar bear (Lair:5)
  6 jumping spiders (Spider:1)
  17 hippogriffs
  17 blink frogs
  9 dream sheep
  3 slime creatures (D:15)
  A shadow (D:13)
  3 wraiths
  19 redbacks
  12 tarantellas
  A vampire (D:12)
  A water elemental (D:12)
  23 yaks
  4 wyverns
  5 basilisks
  A fire bat (shapeshifter) (D:8)
  5 fire elementals (D:14)
  A hungry ghost (D:8)
  4 hogs (D:7)
  2 neqoxecs (D:8)
  A human (D:7)
  Edmund (D:5)
  5 swamp worms (Lair:3)
  A soldier ant (D:11)
  13 water moccasins
  2 acid dragons
  Duvessa (D:5)
  3 hell hounds (D:14)
  4 porcupines
  A porcupine (shapeshifter) (D:8)
  A sky beast (shapeshifter) (D:8)
  2 black bears
  3 orc warriors
  An eye of draining (D:9)
  5 ice beasts
  5 sky beasts
  6 ogres
  3 phantoms
  12 wolves
  11 centaurs
  6 crocodiles
  4 elf zombies (Ossuary)
  15 bullfrogs
  Dowan (D:5)
  3 killer bees (D:7)
  8 scorpions
  9 wights
  10 electric eels
  2 howler monkeys
  9 crimson imps
  3 bullfrog zombies
  2 lava snakes (D:14)
  7 centaur zombies
  A quasit (D:10)
  7 hounds
  2 jellies
  3 bullfrog skeletons
  6 human zombies (Ossuary)
  8 orc priests
  3 centaur skeletons
  11 orc wizards
  4 iguanas
  12 worker ants
  Terence (D:2)
  3 mummies (Ossuary)
  2 worker ant zombies (D:10)
  A gnoll (shapeshifter) (D:8)
  10 adders
  5 shadow imps
  3 oozes
  2 adder zombies (D:9)
  2 adder skeletons
  4 worms
  A dart slug (D:3)
  6 leopard geckos
  51 orcs
  6 giant cockroaches
  9 goblins
  9 hobgoblins
  11 jackals
  11 kobolds
  3 quokkas
  3 ball pythons
  6 bats
  2 frilled lizards
  3 jackal skeletons
  A jackal zombie (D:5)
  A leopard gecko skeleton (D:9)
  A leopard gecko zombie (D:5)
  A quokka skeleton (D:7)
  A quokka zombie (D:6)
  9 rats
  2 plants (Lair:6)
643 creatures vanquished.

Vanquished Creatures (others)
  An emperor scorpion (Spider:1)
  A wyvern (Lair:5)
  7 fungi
  6 plants (Lair:6)
15 creatures vanquished.

Grand Total: 658 creatures vanquished

Notes
Turn   | Place    | Note
-------+----------+-------------------------------------------
     0 | D:1      | Aksej the Minotaur Gladiator began the quest for the Orb.
     0 | D:1      | Reached XP level 1. HP: 18/18 MP: 0/0
   170 | D:1      | Reached XP level 2. HP: 22/25 MP: 1/1
   772 | D:2      | Reached XP level 3. HP: 24/30 MP: 2/2
   890 | D:2      | Noticed Terence
   900 | D:2      | Killed Terence
   900 | D:2      | Reached skill level 3 in Fighting
   900 | D:2      | Reached skill level 1 in Armour
  1174 | D:2      | Reached XP level 4. HP: 38/38 MP: 0/3
  1715 | D:3      | Found an ancient bone altar of Kikubaaqudgha.
  1878 | D:3      | Reached skill level 5 in Maces & Flails
  1878 | D:3      | Reached XP level 5. HP: 24/45 MP: 2/4
  2133 | D:4      | Noticed an ogre
  2141 | D:4      | Killed an ogre
  2149 | D:4      | Reached skill level 4 in Fighting
  2149 | D:4      | Reached XP level 6. HP: 36/52 MP: 2/5
  2634 | D:5      | Entered Level 5 of the Dungeon
  2639 | D:5      | Reached skill level 1 in Stealth
  2773 | D:5      | Reached XP level 7. HP: 58/60 MP: 6/6
  2807 | D:5      | Noticed Edmund
  2814 | D:5      | Killed Edmund
  2819 | D:5      | Reached skill level 5 in Fighting
  2964 | D:5      | HP: 1/61 [ogre/+0 giant club (14)]
  3444 | D:5      | Reached XP level 8. HP: 69/69 MP: 7/7
  3452 | D:5      | Found a shattered altar of Ashenzari.
  3452 | D:5      | Noticed Duvessa
  3452 | D:5      | Noticed Dowan
  3458 | D:5      | Killed Dowan
  3464 | D:5      | Killed Duvessa
  3464 | D:5      | Reached skill level 5 in Armour
  3769 | D:6      | Reached skill level 6 in Fighting
  3814 | D:6      | Reached skill level 5 in Dodging
  4063 | D:6      | Reached skill level 7 in Fighting
  4072 | D:6      | Found a staircase to the Ecumenical Temple.
  4079 | Temple   | Entered the Ecumenical Temple
  4094 | Temple   | Became a worshipper of the Wu Jian Council
  4428 | D:6      | Found Harruco's Book Shoppe.
  4647 | D:7      | Found a sand-covered staircase.
  4653 | Ossuary  | Entered an ossuary
  4736 | Ossuary  | Reached XP level 9. HP: 32/79 MP: 5/8
  5009 | Ossuary  | Reached skill level 10 in Maces & Flails
  5276 | D:7      | Identified a scroll of acquirement
  5277 | D:7      | Got the +1 eveningstar "Sosaeb" {speed, Str+4}
  5301 | D:7      | Noticed a two-headed ogre
  5313 | D:7      | Killed a two-headed ogre
  5313 | D:7      | Reached skill level 8 in Fighting
  5691 | D:7      | Reached skill level 9 in Fighting
  6343 | D:7      | Reached XP level 10. HP: 90/91 MP: 9/9
  6354 | D:7      | Reached * piety under Wu Jian
  6721 | D:8      | Noticed Maggie
  6727 | D:8      | Noticed a catoblepas
  6729 | D:8      | Killed Maggie
  6729 | D:8      | Reached skill level 1 in Shields
  6757 | D:8      | Killed a catoblepas
  6757 | D:8      | Reached skill level 10 in Fighting
  7227 | D:8      | Found a glowing silver altar of Zin.
  7615 | D:8      | Found a runed translucent gate.
  7615 | D:8      | Found a runed translucent gate.
  7615 | D:8      | Found a runed translucent gate.
  7615 | D:8      | Noticed a brown ugly thing
  7619 | D:8      | Noticed a cyan ugly thing
  7621 | D:8      | Noticed a brown ugly thing
  7742 | D:8      | Reached ** piety under Wu Jian
  8114 | D:8      | Killed a cyan ugly thing
  8122 | D:8      | Killed a white ugly thing
  8122 | D:8      | Reached XP level 11. HP: 67/101 MP: 7/10
  8127 | D:8      | Killed a green ugly thing
  8134 | D:8      | Found a runed translucent gate.
  8134 | D:8      | Found a runed translucent gate.
  8138 | D:8      | Found a runed translucent gate.
  8138 | D:8      | Noticed a harpy
  8139 | D:8      | a harpy changed into a black bear
  8142 | D:8      | Noticed ijan1's ghost (novice MiFi)
  8156 | D:8      | Gained mutation: You can translocate small distances at
                  | will. [potion of mutation]
  8156 | D:8      | Gained mutation: You possess an exceptional clarity of
                  | mind. [potion of mutation]
  8156 | D:8      | Gained mutation: Your spells are a little easier to cast,
                  | but a little less powerful. [potion of mutation]
  8156 | D:8      | Gained mutation: You are partially covered in iridescent
                  | scales. (AC +2) [potion of mutation]
  8257 | D:8      | Noticed an orb spider
  8257 | D:8      | Noticed a mana viper
  8378 | D:8      | Killed ijan1's ghost
  8378 | D:8      | Reached skill level 11 in Fighting
  8436 | D:8      | Gained mutation: Armour fits poorly on your strangely
                  | shaped body. [mutagenic glow]
  8437 | D:8      | Got a shimmering robe
  8485 | D:8      | Lost mutation: You possess an exceptional clarity of mind.
                  | [mutagenic glow]
  8525 | D:8      | Gained mutation: Your magical capacity is low. (-10% MP)
                  | [mutagenic glow]
  8555 | D:8      | Lost mutation: Your spells are a little easier to cast, but
                  | a little less powerful. [potion of mutation]
  8555 | D:8      | Lost mutation: Armour fits poorly on your strangely shaped
                  | body. [potion of mutation]
  8555 | D:8      | Gained mutation: You have sharp toenails. [potion of
                  | mutation]
  8555 | D:8      | Gained mutation: Your spells are a little harder to cast,
                  | but a little more powerful. [potion of mutation]
  8556 | D:8      | Lost mutation: You can translocate small distances at will.
                  | [potion of mutation]
  8556 | D:8      | Lost mutation: You have sharp toenails. [potion of
                  | mutation]
  8556 | D:8      | Gained mutation: Your spells are harder to cast, but more
                  | powerful. [potion of mutation]
  8556 | D:8      | Gained mutation: You are frail. (-10% HP) [potion of
                  | mutation]
  8556 | D:8      | Gained mutation: You possess an exceptional clarity of
                  | mind. [potion of mutation]
  8556 | D:8      | Gained mutation: You are surrounded by a mild repulsion
                  | field. (EV +2) [potion of mutation]
  8559 | D:8      | Gained mutation: You occasionally shout uncontrollably at
                  | your foes. [mutagenic glow]
  8593 | D:9      | Gained mutation: You are weak. (Str -2) [mutagenic glow]
  8933 | D:9      | Found a staircase to the Orcish Mines.
  8985 | D:9      | Reached *** piety under Wu Jian
  9275 | D:9      | Noticed a two-headed ogre
  9283 | D:9      | Killed a two-headed ogre
  9434 | D:9      | Found a hide-covered altar of Uskayaw.
  9639 | D:10     | Entered Level 10 of the Dungeon
  9920 | D:10     | Noticed Urug
  9938 | D:10     | Killed Urug
 10210 | D:10     | Identified the +0 robe of Fesoyl {rElec MR++} (You found it
                  | on level 8 of the Dungeon)
 10294 | D:10     | Reached skill level 12 in Fighting
 10580 | D:11     | Found a staircase to the Lair.
 10656 | D:11     | Killed an unseen horror
 10656 | D:11     | Reached skill level 5 in Shields
 10738 | D:11     | Noticed a two-headed ogre
 10741 | D:11     | Reached **** piety under Wu Jian
 10746 | D:11     | Killed a two-headed ogre
 10746 | D:11     | Reached XP level 12. HP: 101/101 MP: 9/9
 11054 | D:11     | Noticed Harold
 11062 | D:11     | Killed Harold
 11062 | D:11     | Reached skill level 15 in Maces & Flails
 11166 | D:11     | Found a glowing golden altar of the Shining One.
 12849 | D:12     | Reached skill level 13 in Fighting
 13294 | D:13     | Got a warped ring mail
 13586 | D:13     | Identified the cursed +1 ring mail of Analysis {-Cast rPois
                  | rCorr Dex+8} (You found it on level 13 of the Dungeon)
 13636 | D:14     | Found Arij Hadd's Assorted Antiques.
 13694 | D:14     | Found Kasocw's Gadget Boutique.
 13707 | D:14     | Noticed a centaur warrior
 13721 | D:14     | Killed a centaur warrior
 13761 | D:14     | Found a gate to the Vaults.
 13805 | D:14     | Found Xydeaph's Magic Scroll Emporium.
 13858 | D:14     | Noticed a deep troll earth mage
 13860 | D:14     | Found a shimmering altar of Xom.
 13861 | D:14     | Noticed a deep troll earth mage
 13862 | D:14     | Found a glowing silver altar of Zin.
 13863 | D:14     | Noticed a fire giant
 13866 | D:14     | Killed a deep troll earth mage
 13866 | D:14     | Killed a deep troll earth mage
 13999 | D:14     | Killed a fire giant
 13999 | D:14     | Reached skill level 14 in Fighting
 14022 | D:14     | Bought a pair of embroidered gloves for 180 gold pieces
 14022 | D:14     | Bought a scroll labeled ZYSTRUL ZITOSTRIU for 24 gold
                  | pieces
 14236 | D:14     | Noticed a centaur warrior
 14237 | D:14     | Noticed a two-headed ogre
 14257 | D:14     | Killed a two-headed ogre
 14257 | D:14     | Reached XP level 13. HP: 75/111 MP: 8/10
 14695 | D:14     | Noticed Azrael
 14726 | D:14     | Killed Azrael
 14734 | D:14     | Reached ***** piety under Wu Jian
 14840 | D:14     | Found Querchef's Weapon Shoppe.
 14862 | D:15     | Entered Level 15 of the Dungeon
 14951 | D:14     | Bought a scroll of identify for 32 gold pieces
 14951 | D:14     | Bought a scroll of teleportation for 48 gold pieces
 14951 | D:14     | Bought a scroll of fear for 56 gold pieces
 14951 | D:14     | Bought a scroll of identify for 32 gold pieces
 14951 | D:14     | Bought a scroll of teleportation for 48 gold pieces
 15054 | D:15     | Reached skill level 15 in Fighting
 15839 | D:15     | Found a white marble altar of Elyvilon.
 16021 | D:15     | Noticed a fire dragon
 16022 | D:15     | Noticed a fire dragon
 16038 | D:15     | Killed a fire dragon
 16042 | D:15     | Killed a fire dragon
 16283 | D:15     | Found a staircase to the Depths.
 16360 | D:15     | Reached skill level 16 in Fighting
 16767 | Lair:1   | Entered Level 1 of the Lair of Beasts
 17744 | Lair:2   | Noticed Nergalle
 17753 | Lair:2   | Killed Nergalle
 17831 | Lair:2   | Found a burning altar of Makhleb.
 17953 | Lair:2   | Reached XP level 14. HP: 124/124 MP: 11/11
 18102 | Lair:2   | Noticed Gastronok
 18112 | Lair:2   | Killed Gastronok
 18698 | Lair:3   | Found a hole to the Spider Nest.
 18845 | Lair:3   | Got a pair of encrusted gloves
 18846 | Lair:3   | Identified the +2 pair of gloves of Shrieking Happiness
                  | {Str+3} (You found it on level 3 of the Lair of Beasts)
 19214 | Lair:3   | Found a staircase to the Swamp.
 19324 | Lair:3   | Reached skill level 17 in Fighting
 19599 | Lair:4   | Reached skill level 10 in Shields
 19608 | Lair:4   | Found a runed translucent door.
 19609 | Lair:4   | Noticed Jayditzi's ghost (journeyman GrFi)
 19643 | Lair:4   | Killed Jayditzi's ghost
 20278 | Lair:5   | Found a dark tunnel.
 20288 | Volcano  | Entered a volcano
 20307 | Volcano  | Found a bloodstained altar of Trog.
 20347 | Volcano  | Reached skill level 10 in Armour
 20347 | Volcano  | Reached skill level 5 in Stealth
 20808 | Lair:5   | Got a scorched leather armour
 21009 | Lair:5   | Identified the +2 leather armour of Disguise {rF- MR+
                  | Regen+ Dex+8} (You found it on level 5 of the Lair of
                  | Beasts)
 21111 | Lair:5   | Noticed Snorg
 21123 | Lair:5   | Killed Snorg
 21205 | Lair:5   | Reached ****** piety under Wu Jian
 21434 | Lair:5   | Found a staircase to the Slime Pits.
 21686 | Lair:6   | Entered Level 6 of the Lair of Beasts
 21996 | Lair:6   | Reached skill level 18 in Fighting
 22037 | Lair:6   | Reached XP level 15. HP: 134/134 MP: 12/12
 23014 | Lair:6   | Found the +3 sling "Punk" {acid, rCorr}
 23322 | Spider:1 | Entered Level 1 of the Spider Nest
 24340 | Spider:2 | Reached skill level 19 in Fighting
 24373 | Spider:2 | HP: 6/136 [redback (1)]
 24373 | Spider:2 | Slain by a redback

Illustrated notes

Levels and vault maps discovered:
D:1:      dpeg_arrival_shrine, layout_loops_cross, serial_park_tiny_2
D:2:      layout_basic, first_ration, minmay_tetromino_s2, uniq_terence
D:3:      layout_rooms, lemuel_crystal_altar, grunt_ministairs_14
D:4:      layout_rooms, serial_bayou_pond_e
D:5:      corexii_shack_village, layout_loops_ring, kennysheep_little_box,
          uniq_edmund, uniq_duvessa
D:6:      layout_loops_ring, minmay_temple_entry_junction_2, serial_shops, shop
D:7:      layout_basic, nicolae_ossuary_entry_ruins, grunt_livestock
D:8:      minmay_opposing_rooms, layout_basic, zin_treasury,
          ploomutoo_gammafunk_ghost_potion_laboratory, kennysheep_pointless_box,
          minmay_crystal_water, kennysheep_generic_room_13, uniq_maggie
D:9:      layout_big_octagon, eat_drink_and_be_merry_uskayaw, hiddenorc2_lemuel
D:10:     layout_stronghold, uniq_urug
D:11:     layout_basic, david_lair_generic, basic_altar, uniq_harold
D:12:     layout_stronghold, serial_bayou_lagoon_b
D:13:     layout_roguey
D:14:     layout_roguey, erik_vaults_1, serial_shops, shop,
          nicolae_shop_behind_doors, nicolae_shop_overgrown_old_shop, shop,
          kennysheep_cross_room, hex_tiny, solitary_fountain,
          jmf_multi_god_temple, uniq_azrael
D:15:     grunt_enter_depths_hoard, layout_loops_corners, grunt_decor_arrowhead,
          basic_altar
Temple:   eino_narrow_crystal_temple
Lair:1:   layout_cave_pods, serial_bayou_pond_d, ldierk_geyser
Lair:2:   layout_long_grid, basic_altar, hangedman_lair_generics_rect,
          uniq_gastronok, uniq_nergalle
Lair:3:   layout_roguey, nicolae_swamp_entry_splash_gauntlet,
          nicolae_spider_entry_non_spiders
Lair:4:   layout_regular_city, gammafunk_ghost_grave, st_stairs_4
Lair:5:   layout_cellular_growth, minmay_slime_entry_oklob_enclosed,
          nicolae_volcano_entry_vermiform, serial_bayou_shore_b, uniq_snorg
Lair:6:   due_jungle_book, layout_regular_city
Spider:1: layout_spider_delve
Spider:2: layout_spider_delve, nicolae_spider_shape, uniq_arachne

Skill      XL: |  1  2  3  4  5  6  7  8  9 10 11 12 13 14 15 |
---------------+----------------------------------------------+-----
Maces & Flails | 4 5 6 7 9 11 13 14 16 17 | 17.4
Fighting       | 3 4 5 7 9 10 12 14 16 18 19 | 19.1
Armour         | 1 2 3 4 6 7 8 9 10 | 10.3
Dodging        | 4 5 6 7 8 9 |  9.6
Stealth        | 1 2 4 5 |  5.6
Shields        | 2 5 7 9 11 12 | 12.0
Throwing       | 3 |  3.5

Action                   |  1- 3 |  4- 6 |  7- 9 | 10-12 | 13-15 || total
-------------------------+-------+-------+-------+-------+-------++-------
Melee: Flail             |    54 |       |       |       |       ||    54
       Headbutt          |     5 |    13 |    72 |   175 |   376 ||   641
       Mace              |     4 |    95 |   254 |       |       ||   353
       Eveningstar       |       |       |    52 |   679 |  1117 ||  1848
Throw: Throwing net      |       |       |     2 |     2 |       ||     4
       Boomerang         |       |       |       |    20 |     3 ||    23
Invok: Lunge             |       |       |    11 |    75 |    99 ||   185
       Whirlwind         |       |       |       |    80 |   351 ||   431
 Abil: Wall Jump         |       |       |       |     1 |       ||     1
Evoke: Wand              |       |       |       |     2 |       ||     2
  Use: Scroll            |     9 |     2 |     9 |    11 |    14 ||    45
       Potion            |     2 |     5 |     1 |     8 |     4 ||    20
 Stab: Petrifying        |       |       |       |     1 |       ||     1
       Sleeping          |       |       |       |     3 |    31 ||    34
       Distracted        |       |       |       |     1 |     1 ||     2
  Eat: Chunk             |     1 |     5 |     8 |    20 |    26 ||    60
       Ration            |       |       |     1 |     2 |     2 ||     5
Armor: Leather armour    |     5 |       |       |       |       ||     5
       Ring mail         |     9 |       |       |     9 |    93 ||   111
       Scale mail        |     2 |    31 |    95 |    98 |       ||   226
Dodge: Dodged            |    50 |    43 |   125 |   122 |   254 ||   594
Block: Tower shield      |       |       |    11 |   286 |   510 ||   807

Table legend:
 A = Non-vault XP
 B = Vault XP
 C = Vault XP percentage of total XP
 D = Non-vault monster count
 E = Vault monster count
 F = Vault count percentage of total count
                 A         B        C        D         E       F
            +---------+---------+-------+---------+---------+-------
      Total |   90091 |   45762 |  33.7 |     479 |     163 |  25.4
            +---------+---------+-------+---------+---------+-------
        D:1 |      27 |       0 |   0.0 |      18 |       0 |   0.0
        D:2 |      61 |      33 |  35.1 |      24 |       2 |   7.7
        D:3 |      21 |      70 |  76.9 |       7 |       2 |  22.2
        D:4 |     363 |       0 |   0.0 |      14 |       0 |   0.0
        D:5 |     740 |     411 |  35.7 |      28 |      16 |  36.4
        D:6 |     951 |       0 |   0.0 |      22 |       0 |   0.0
        D:7 |    2167 |     969 |  30.9 |      23 |       5 |  17.9
        D:8 |    1603 |    5486 |  77.4 |      21 |      21 |  50.0
        D:9 |    2412 |     320 |  11.7 |      24 |      32 |  57.1
       D:10 |    2051 |     847 |  29.2 |      26 |       1 |   3.7
       D:11 |    3784 |    2004 |  34.6 |      18 |       5 |  21.7
       D:12 |    2061 |       0 |   0.0 |      14 |       0 |   0.0
       D:13 |    1531 |       0 |   0.0 |      14 |       0 |   0.0
       D:14 |    6116 |    8422 |  57.9 |      16 |      15 |  48.4
       D:15 |   11412 |    2124 |  15.7 |      27 |       2 |   6.9
     Lair:1 |    3204 |       0 |   0.0 |      13 |       0 |   0.0
     Lair:2 |    4628 |    6310 |  57.7 |      15 |       9 |  37.5
     Lair:3 |    1301 |    1123 |  46.3 |       6 |      14 |  70.0
     Lair:4 |    2370 |    1659 |  41.2 |      10 |       2 |  16.7
     Lair:5 |    9315 |    3439 |  27.0 |      34 |       5 |  12.8
     Lair:6 |   17155 |    2867 |  14.3 |      57 |       5 |   8.1
   Spider:1 |   14973 |       0 |   0.0 |      41 |       0 |   0.0
   Spider:2 |    1845 |    1226 |  39.9 |       7 |       4 |  36.4
    Ossuary |       0 |     796 | 100.0 |       0 |      15 | 100.0
    Volcano |       0 |    7656 | 100.0 |       0 |       8 | 100.0
            +---------+---------+-------+---------+---------+-------
